 Dungeon Crawl Stone Soup version 0.31-a0-986-g5e6e4ef867 (webtiles) character file.

Game seed: 1823671985941075739

147 Pooter the Ruffian (level 5, -2/53 HPs)
             Began as a Troll Berserker on Nov 18, 2023.
             Was a Believer of Trog.
             Slain by an iguana (10 damage)
             ... on level 5 of the Dungeon.
             The game lasted 00:09:09 (2196 turns).

Pooter the Ruffian (Troll Berserker)                Turns: 2196, Time: 00:09:09

Health: -2/53      AC:  5    Str: 25    XL:     5   Next: 7%
Magic:  4/4        EV: 10    Int:  5    God:    Trog [**....]
Gold:   115        SH:  0    Dex:  9    Spells: 4/4 levels left

rFire   . .          .
                       - Unarmed
rCold   + . .        (no shield)
rNeg    . . .        a - +0 animal skin
rPois   .            (helmet restricted)
rElec   .            h - +0 cloak
rCorr   .            (gloves unavailable)
SInv    .            (boots unavailable)
Will    .....        (no amulet)
Stlth   +            I - ring of protection from cold
HPRegen 1.08/turn    (no ring)
MPRegen 0.09/turn

%: no passive effects
@: no status effects
A: large, unfitting armour, claws 3, regeneration 1, shaggy fur 1, tough skin 1
a: Renounce Religion, Berserk, Trog's Hand


You were on level 5 of the Dungeon.
You worshipped Trog.
Trog was pleased with you.
You visited 1 branch of the dungeon, and saw 5 of its levels.

You collected 115 gold pieces.

Inventory:

Hand Weapons
 k - a +0 short sword of flaming
   (You took it off Robin on level 3 of the Dungeon)
Missiles
 j - 4 poisoned darts
 Q - 20 stones (quivered)
Armour
 a - a +0 animal skin (worn)
 h - a +0 cloak (worn)
   (You found it on level 1 of the Dungeon)
Jewellery
 b - an amulet of magic regeneration
   (You found it on level 2 of the Dungeon)
 I - a ring of protection from cold (left claw)
   (You found it on level 1 of the Dungeon)
Scrolls
 c - a scroll of summoning {unknown}
 i - a scroll of identify {unknown}
 l - a scroll of fear {unknown}
 t - 2 scrolls of teleportation {@r4}
Potions
 d - a potion of heal wounds {unknown}
 e - a potion of berserk rage {unknown}
 f - 4 potions of curing {unknown}
 g - 2 potions of attraction {unknown}


   Skills:
 + Level 3.2 Fighting
 + Level 1.9 Throwing
 - Level 2.4 Dodging
 * Level 4.6 Unarmed Combat


You had 4 spell levels left.
You didn't know any spells.
Your spell library was empty.

Dungeon Overview and Level Annotations

Branches:
Dungeon (5/15) Zot: 26998
 Temple: D:4-7

Altars:

Shops:
D:2 ([:   D:4 (

Annotations:
D:3 Sigmund


Innate Abilities, Weirdness & Mutations

You are too large for most types of armour.
You have claws for hands.
Your natural rate of healing is unusually fast.
You are covered in fur. (AC +1)
You have tough skin. (AC +1)


Message History

You claw the orc wizard! The iguana barely misses you.
The orc wizard points at you and mumbles some strange words.
The puff of flame hits you. The orc hits you but does no damage.
You closely miss the orc wizard. You barely miss the orc wizard.
The iguana bites you! The orc wizard casts a spell at you.
The puff of flame hits you!
You closely miss the orc wizard. The iguana barely misses you.
The orc wizard closely misses you.
The orc hits you from afar with a +0 trident.
You closely miss the orc wizard.
The orc wizard hits you with a +0 dagger.
The orc hits you from afar with a +0 trident.
The orc wizard mumbles some strange words.
The orc wizard flickers and vanishes!
Deactivating autopickup; reactivate with Ctrl-A.
The iguana closely misses you.
You barely miss the orc wizard.
The iguana bites you but does no damage.
The orc wizard hits you but does no damage.
The orc hits you from afar with a +0 trident.
* * * LOW HITPOINT WARNING * * *
You claw the orc wizard!
You kill the orc wizard!
Trog accepts your kill.
Trog appreciates your killing of a magic user.
The orc hits you from afar with a +0 trident.
* * * LOW HITPOINT WARNING * * *
The iguana barely misses you.
You have reached level 5!
You scratch the iguana but do no damage.
The iguana bites you!
* * * LOW HITPOINT WARNING * * *
The orc hits you from afar with a +0 trident.
* * * LOW HITPOINT WARNING * * *
The iguana attacks as it pursues you!
The iguana bites you but does no damage.
The orc hits you from afar with a +0 trident.
* * * LOW HITPOINT WARNING * * *
The iguana bites you!
* * * LOW HITPOINT WARNING * * *
There is a stone staircase leading down here.
The iguana bites you but does no damage.
You climb downwards.
Reactivating autopickup.
Found a scroll labelled GIZESTRU YWNE, a fuming pink potion and a silver wand.
Found an escape hatch in the floor.
There is a stone staircase leading up here.
You claw the iguana! Your claw misses the iguana. The iguana bites you!
You die...

... .. #/ ###.#
#....######
###.....#...###
..............#
.......@..#
........l.#
.!..?........
.........#...#
..>.....##...#
......... ...#
......... #.#
......... ..


You could see an iguana.

Vanquished Creatures
  An orc wizard (D:4)
  Robin (D:3)
  4 adders
  A worm (D:2)
  2 dart slugs
  2 orcs (D:4)
  4 endoplasms
  2 giant cockroaches (D:2)
  11 goblins
  9 hobgoblins
  2 jackals (D:4)
  2 kobolds
  2 quokkas
  8 ball pythons
  5 bats
  3 frilled lizards
  4 rats
63 creatures vanquished.

Notes
Turn   | Place    | Note
-------+----------+-------------------------------------------
     0 | D:1      | Pooter the Troll Berserker began the quest for the Orb.
     0 | D:1      | Reached XP level 1. HP: 22/22 MP: 0/0
   113 | D:1      | Reached XP level 2. HP: 29/29 MP: 1/1
   871 | D:2      | Reached skill level 1 in Throwing
   914 | D:2      | Reached XP level 3. HP: 36/36 MP: 2/2
  1083 | D:2      | Reached ** piety under Trog
  1152 | D:2      | Found Qeorch's Armour Boutique.
  1227 | D:2      | Found Orir's Antique Weapon Shoppe.
  1328 | D:2      | Reached skill level 4 in Unarmed Combat
  1376 | D:2      | Reached XP level 4. HP: 44/44 MP: 3/3
  1590 | D:2      | Found Ymampum's Book Emporium.
  1638 | D:3      | Noticed Robin
  1644 | D:3      | Killed Robin
  1970 | D:3      | Noticed Sigmund
  2046 | D:4      | Found Usequnap's Weapon Shop.
  2190 | D:4      | Reached XP level 5. HP: 24/53 MP: 4/4
  2195 | D:5      | Entered Level 5 of the Dungeon
  2196 | D:5      | Slain by an iguana

Illustrated notes

Levels and vault maps discovered:
D:1:      elethiomel_arrival_infinity_welcomes_careful_drivers, layout_basic
D:2:      layout_loops_corners, serial_shops, shop, nicolae_lakefront_shop,
          shop, serial_bayou_pond_a, kennysheep_generic_room_8
D:3:      layout_basic, uniq_sigmund, uniq_robin
D:4:      layout_basic, serial_shops, shop
D:5:      layout_cave_pools, dk_yredelemnul_ordeal, minmay_starry_boxes

Skill      XL: |  1  2  3  4 |
---------------+-------------+-----
Throwing       | 1 |  1.9
Unarmed Combat | 4 |  4.6
Fighting       | 3 |  3.2
Dodging        | |  2.4

Action                     |  1- 3 |  4- 6 || total
---------------------------+-------+-------++-------
  Melee: Unarmed           |    71 |    67 ||   138
  Throw: Stone             |     9 |       ||     9
    Use: Scroll            |     1 |       ||     1
 Armour: Animal skin       |    35 |    46 ||    81
  Dodge: Dodged            |    33 |    28 ||    61

Table legend: (Time is in decaauts)
 A = Elapsed time spent in this place.
 B = Non-inter-level travel time spent in this place.
 C = Inter-level travel time spent in this place.
 D = Time resting spent in this place.
 E = Time spent auto-exploring this place.
 F = Levels seen in this place.
 G = Mean time per level.
                   A        B        C        D        E       F      G
               +--------+--------+--------+--------+--------+-----+--------+
         Total |   2185 |   2137 |     48 |      6 |   1679 |   5 |  437.0 |
       Dungeon |   2185 |   2137 |     48 |      6 |   1679 |   5 |  437.0 |
               +--------+--------+--------+--------+--------+-----+--------+

Top non-repeatable levels by time:
     D:1: 854 daAuts
     D:2: 777 daAuts
     D:3: 342 daAuts
     D:4: 210 daAuts
     D:5: 0 daAuts
